 Dungeon Crawl Stone Soup version 0.26-a0-651-gb41185065b (webtiles) character file.

Game seed: 6990151180500170600

53 WaullulaCat the Gusty (level 3, 0/20 HPs)
             Began as a Tengu Air Elementalist on Sept 28, 2020.
             Succumbed to an adder's poison
             ... on level 2 of the Dungeon.
             The game lasted 00:07:06 (1075 turns).

WaullulaCat the Gusty (Tengu Air Elementalist)      Turns: 1075, Time: 00:07:06

Health: 0/20       AC:  2    Str:  8    XL:     3   Next: 89%
Magic:  1/7        EV: 13    Int: 16    God:
Gold:   65         SH:  0    Dex: 14    Spells: 1/7 levels left

rFire    . . .     SeeInvis .   g - +0 dagger
rCold    . . .     Faith    .   (no shield)
rNeg     . . .     Spirit   .   a - +0 robe
rPois    .         Reflect  .   (helmet restricted)
rElec    .         Harm     .   (no cloak)
rCorr    .         Rampage  .   (no gloves)
MR       .....                  (boots unavailable)
Stlth    ++........             (no amulet)
HPRegen  0.06/turn              (no ring)
MPRegen  0.10/turn              (no ring)

@: lethally poisoned (0 -> -11), berserk cooldown, slowed, very slow
A: beak, talons 3
a: no special abilities


You were on level 2 of the Dungeon.
You visited 1 branch of the dungeon, and saw 2 of its levels.

You collected 65 gold pieces.

Inventory:

Hand Weapons
 e - a +0 hand axe
 g - a +0 dagger (weapon)
Missiles
 d - 41 stones (quivered)
Armour
 a - a +0 robe (worn)
 f - a scarf of invisibility
 k - a scarf of resistance
Jewellery
 h - an uncursed ring of stealth {unknown}
 i - a +6 ring of dexterity {unknown}
 j - an uncursed ring of see invisible {unknown}
Scrolls
 b - a scroll of random uselessness {unknown}
 c - 2 scrolls of identify {unknown}
Potions
 m - a potion of might {unknown}


   Skills:
 + Level 1.1 Fighting
 - Level 2.3 Dodging
 + Level 2.5 Stealth
 * Level 2.5 Spellcasting
 + Level 2.2 Conjurations
 + Level 4.5 Air Magic


You had one spell level left.
You knew the following spells:

 Your Spells              Type           Power        Failure   Level
a - Shock                 Conj/Air       ##..         4%          1
b - Swiftness             Air            ###.....     4%          2
c - Static Discharge      Conj/Air       ##......     14%         3

Your spell library contained the following spells:

 Spells                   Type           Power        Failure   Level
 Airstrike                Air            ###.......   30%         4
 Lightning Bolt           Conj/Air       ##........   80%         5


Dungeon Overview and Level Annotations

Branches:
Dungeon (2/15)

Altars:


Innate Abilities, Weirdness & Mutations

You have a beak for a mouth.
You have claws for feet.


Message History

* * * LOW HITPOINT WARNING * * *
You feel sick. The adder misses you.
You hit the adder. You claw the adder.
You kill the adder!
* * * LOW HITPOINT WARNING * * *
You feel sick.
You feel a strong urge to attack something.
* * * LOW HITPOINT WARNING * * *
You feel sick.
You are too berserk!
Sorry, you're not good enough to have a special ability.
You are too berserk!
Sorry, you're not good enough to have a special ability.
You are too berserk!
You are too berserk!
You are too berserk!
You feel your anger nearly subside.
You are no longer berserk.
You are exhausted.
You feel yourself slow down.
You die...

.. .# .#
.. .##
..#
##..#
#@# ##
###.#..#
#......#
#.#.##.#
#=#.# #
# #†#
..# #..
#.#


There were no monsters in sight!

Vanquished Creatures
  2 adders (D:2)
  An ooze (D:1)
  3 dart slugs (D:1)
  A leopard gecko (D:1)
  5 goblins (D:1)
  4 hobgoblins (D:1)
  2 bats (D:1)
  5 frilled lizards (D:1)
  2 rats (D:1)
25 creatures vanquished.

Notes
Turn   | Place    | Note
-------+----------+-------------------------------------------
     0 | D:1      | WaullulaCat the Tengu Air Elementalist began the quest for
                  | the Orb.
     0 | D:1      | Reached XP level 1. HP: 10/10 MP: 4/4
   215 | D:1      | Reached XP level 2. HP: 16/16 MP: 1/6
   220 | D:1      | Learned a level 2 spell: Swiftness
   555 | D:1      | Reached XP level 3. HP: 6/20 MP: 1/7
  1055 | D:1      | Learned a level 3 spell: Static Discharge
  1059 | D:2      | Reached skill level 1 in Fighting
  1075 | D:2      | Succumbed to an adder's poison

Illustrated notes

Levels and vault maps discovered:
D:1:      scummos_arrival_hexagon, layout_rooms, minmay_heptomino_h4
D:2:      layout_basic, lemuel_doored_altar, minivault_14

Skill      XL: |  1  2  3 |
---------------+----------+-----
Conjurations   | 2 |  2.2
Fighting       | 1 |  1.1
Dodging        | |  2.3
Stealth        | |  2.5
Spellcasting   | |  2.5
Air Magic      | |  4.5

Action                   || total
-------------------------++-------
Melee: Hand axe          ||     6
       Kick              ||    14
       Unarmed           ||     1
       Dagger            ||    34
       Peck              ||     4
 Cast: Shock             ||    33
       Swiftness         ||     1
  Use: Potion            ||     1
 Stab: Sleeping          ||     1
Armor: Robe              ||     3
Dodge: Dodged            ||    18

Table legend: (Time is in decaauts)
 A = Elapsed time spent in this place.
 B = Non-inter-level travel time spent in this place.
 C = Inter-level travel time spent in this place.
 D = Time resting spent in this place.
 E = Time spent auto-exploring this place.
 F = Levels seen in this place.
 G = Mean time per level.
                   A        B        C        D        E       F      G
               +--------+--------+--------+--------+--------+-----+--------+
         Total |   1073 |   1073 |      0 |    147 |    628 |   2 |  536.5 |
       Dungeon |   1073 |   1073 |      0 |    147 |    628 |   2 |  536.5 |
               +--------+--------+--------+--------+--------+-----+--------+

Top non-repeatable levels by time:
     D:1: 1056 daAuts
     D:2: 17 daAuts
